 Dungeon Crawl Stone Soup version 0.30-a0-465-g8901f6c8b5 (webtiles) character file.

Game seed: 598423966790040705

327 brightshaft the Slasher (level 6, -2/37 HPs)
             Began as a Tengu Gladiator on Dec 18, 2022.
             Slain by Duvessa
             ... wielding a +0 short sword
              (6 damage)
             ... on level 4 of the Dungeon.
             The game lasted 00:05:08 (2129 turns).

brightshaft the Slasher (Tengu Gladiator)           Turns: 2129, Time: 00:05:09

Health: -2/37      AC:  5    Str: 14    XL:     6   Next: 50%
Magic:  7/7        EV: 16    Int:  9    God:
Gold:   180        SH:  0    Dex: 17    Spells: 5/5 levels left

rFire   . . .      SeeInvis .    a - +1 long sword
rCold   . . .      Faith    .    (no shield)
rNeg    + . .      Spirit   .    b - +0 leather armour
rPois   .          Reflect  .    c - +1 hat
rElec   .          Harm     .    t - +0 cloak
rCorr   .          Rampage  .    (no gloves)
Will    .....                    (boots unavailable)
Stlth   +.........               (no amulet)
HPRegen 0.26/turn                v - ring of positive energy
MPRegen 0.10/turn                (no ring)

@: flying quickly and evasively, quick
A: beak, talons 3, nimble flight
a: no special abilities


You were on level 4 of the Dungeon.
You visited 1 branch of the dungeon, and saw 4 of its levels.

You collected 180 gold pieces.

Inventory:

Hand Weapons
 a - a +1 long sword (weapon)
Missiles
 d - a throwing net (quivered)
 e - a javelin
 o - 2 poisoned darts
Armour
 b - a +0 leather armour (worn)
 c - a +1 hat (worn)
 j - a +0 ring mail
 r - a +0 scale mail
 t - a +0 cloak (worn)
Jewellery
 l - an amulet of magic regeneration
 v - a ring of positive energy (left hand)
Scrolls
 f - 4 scrolls of identify {@r1}
 w - a scroll of magic mapping {unknown}
 x - a scroll of vulnerability {unknown}
 y - a scroll of immolation {unknown}
Potions
 g - 2 potions of ambrosia {unknown}
 h - a potion of might {unknown}
 i - 2 potions of magic
 k - 3 potions of heal wounds {@q2}
 m - 2 potions of brilliance {unknown}
 n - a potion of attraction {unknown}
 p - a potion of lignification {unknown}
 q - 4 potions of curing {unknown}
 s - a potion of flight {unknown}
 u - a potion of degeneration {unknown}


   Skills:
 + Level 3.4 Fighting
 * Level 6.3 Long Blades
 - Level 2.0 Throwing
 + Level 4.5 Dodging


You had 5 spell levels left.
You didn't know any spells.
Your spell library was empty.

Dungeon Overview and Level Annotations

Branches:
Dungeon (4/15)
 Temple: D:4-7

Altars:
Elyvilon
Fedhas
Wu Jian
Yredelemnul
The Shining One

Annotations:
D:4 Dowan, Duvessa


Innate Abilities, Weirdness & Mutations

You have a beak for a mouth.
You have claws for feet.
Your magical nature lets you fly swiftly and evasively.


Message History

Duvessa hits you with a +0 short sword.
You hit Duvessa. You claw Duvessa.
Duvessa is lightly wounded.
Duvessa hits you with a +0 short sword!
Dowan casts a spell.
Dowan blinks!
You barely miss Duvessa. You claw Duvessa, but do no damage.
You peck Duvessa, but do no damage.
Duvessa is lightly wounded.
Duvessa closely misses you. Duvessa hits you with a +0 short sword.
Dowan gestures wildly while chanting.
Dowan blinks!
You barely miss Duvessa.
Duvessa is lightly wounded.
Duvessa hits you with a +0 short sword.
Dowan gestures wildly while chanting.
Dowan blinks!
Duvessa misses you.
You hit Duvessa. Your peck misses Duvessa.
Duvessa is moderately wounded.
Duvessa hits you but does no damage.
You hit Duvessa but do no damage.
Duvessa is moderately wounded.
Duvessa misses you. Duvessa completely misses you.
You hit Duvessa.
Duvessa is heavily wounded.
Duvessa misses you.
Dowan mumbles some strange words.
Dowan blinks!
Duvessa hits you with a +0 short sword!
* * * LOW HITPOINT WARNING * * *
You hit Duvessa but do no damage. You claw Duvessa.
Duvessa is severely wounded.
Duvessa barely misses you.
A kobold comes into view. It is wielding a +0 whip.
You barely miss Duvessa.
The kobold shouts!
Your kick misses Duvessa.
Duvessa is severely wounded.
You hear a shout!
Duvessa hits you but does no damage. Duvessa hits you with a +0 short sword.
You die...

.....###.......#..#.##
...............#..#.#
...............#..†.###+##
...............#.#.......#
...........#'###.#>......#
...........#.###.#....e..#
###..##....#.....#.......#
#..####..#######.......#
###..# #......†@e....###
.....# #.########....####
..##.# #.# +.......#
..##.# #.# #.....#.#
..##.# #.# #...K.# ..##.#
#.# #S..#[# ..##.# #.#
.e....# ..##.# #.# ......#
..##.####.# .......


You could see Duvessa (fast), Dowan and a kobold.

Vanquished Creatures
  An ogre (D:4)
  A phantom (D:4)
  A hound (D:4)
  Jessica (D:3)
  An iguana (D:4)
  2 adders
  A worm (D:3)
  4 bats
  9 endoplasms
  4 giant cockroaches
  5 goblins
  6 hobgoblins
  4 jackals (D:2)
  2 quokkas
  7 ball pythons
  3 frilled lizards
  7 kobolds
  4 rats
63 creatures vanquished.

Notes
Turn   | Place    | Note
-------+----------+-------------------------------------------
     0 | D:1      | brightshaft the Tengu Gladiator began the quest for the
                  | Orb.
     0 | D:1      | Reached XP level 1. HP: 12/12 MP: 2/2
   116 | D:1      | Reached XP level 2. HP: 14/17 MP: 3/3
   119 | D:1      | Reached skill level 4 in Long Blades
   641 | D:2      | Reached XP level 3. HP: 21/21 MP: 4/4
   841 | D:2      | Found a faded altar of an unknown god.
  1141 | D:3      | Reached XP level 4. HP: 23/27 MP: 5/5
  1271 | D:3      | Found a glowing golden altar of the Shining One.
  1336 | D:3      | Noticed Jessica
  1345 | D:3      | Killed Jessica
  1346 | D:3      | Reached skill level 5 in Long Blades
  1753 | D:4      | Noticed a phantom
  1764 | D:4      | Killed a phantom
  1765 | D:4      | Gained mutation: Your magical nature lets you fly swiftly
                  | and evasively. [Tengu growth]
  1765 | D:4      | Reached XP level 5. HP: 15/32 MP: 6/6
  1831 | D:4      | Noticed an ogre
  1838 | D:4      | Killed an ogre
  1839 | D:4      | Reached skill level 6 in Long Blades
  1839 | D:4      | Reached XP level 6. HP: 37/37 MP: 7/7
  1972 | D:4      | Found an ornate altar of the Wu Jian Council.
  2002 | D:4      | Found a white marble altar of Elyvilon.
  2022 | D:4      | Found a basalt altar of Yredelemnul.
  2041 | D:4      | Found a blossoming altar of Fedhas.
  2105 | D:4      | Noticed Dowan
  2108 | D:4      | Noticed Duvessa
  2129 | D:4      | Slain by Duvessa

Illustrated notes

Levels and vault maps discovered:
D:1:      dpeg_arrival_short_road, layout_rooms, roderic_roman_lattice
D:2:      layout_rooms, chequers_ecumenical_altar_simple
D:3:      layout_basic, tso_oasis_becter, kennysheep_another_room, uniq_jessica
D:4:      layout_basic, nicolae_overflow_quartered_altars, uniq_grinder,
          uniq_duvessa

Skill      XL: |  1  2  3  4  5 |
---------------+----------------+-----
Long Blades    | 4 5 6 |  6.3
Dodging        | 4 |  4.5
Fighting       | 3 |  3.4
Throwing       | |  2.0

Action                   |  1- 3 |  4- 6 || total
-------------------------+-------+-------++-------
Melee: Long sword        |    78 |    71 ||   149
       Kick              |    21 |    23 ||    44
       Peck              |     6 |    14 ||    20
       Punch             |     1 |       ||     1
Throw: Throwing net      |       |     2 ||     2
  Use: Scroll            |     4 |     3 ||     7
 Stab: Sleeping          |     2 |     1 ||     3
       Held in net/web   |       |     1 ||     1
Armor: Leather armour    |    27 |    16 ||    43
Dodge: Dodged            |    53 |    44 ||    97

Table legend: (Time is in decaauts)
 A = Elapsed time spent in this place.
 B = Non-inter-level travel time spent in this place.
 C = Inter-level travel time spent in this place.
 D = Time resting spent in this place.
 E = Time spent auto-exploring this place.
 F = Levels seen in this place.
 G = Mean time per level.
                   A        B        C        D        E       F      G
               +--------+--------+--------+--------+--------+-----+--------+
         Total |   2126 |   2071 |     55 |      0 |   1617 |   4 |  531.5 |
       Dungeon |   2126 |   2071 |     55 |      0 |   1617 |   4 |  531.5 |
               +--------+--------+--------+--------+--------+-----+--------+

Top non-repeatable levels by time:
     D:3: 623 daAuts
     D:1: 616 daAuts
     D:2: 529 daAuts
     D:4: 356 daAuts
